 Dungeon Crawl Stone Soup version 0.23.2-30-g0e89c35649 (webtiles) character file.

Game seed: 12079242826574162606

80 diana the Cudgeler (level 4, 0/29 HPs)
             Began as a Gargoyle Berserker on June 9, 2019.
             Was a Believer of Trog.
             Slain by a phantom (5 damage)
             ... on level 3 of the Dungeon.
             The game lasted 00:02:02 (2098 turns).

diana the Cudgeler (Gargoyle Berserker)             Turns: 2098, Time: 00:02:02

Health: 0/29       AC:  5    Str: 22    XL:     4   Next: 39%
Magic:  4/4        EV: 12    Int:  7    God:    Trog [**....]
Gold:   92         SH:  0    Dex:  9    Spells: 3/3 levels left

rFire    . . .     SeeInvis .   a - +0 mace
rCold    . . .     Gourm    .   (no shield)
rNeg     + . .     Faith    .   b - +0 animal skin
rPois    ∞         Spirit   .   (no helmet)
rElec    +         Reflect  .   (no cloak)
rCorr    .         Harm     .   (no gloves)
MR       .....                  (no boots)
Stlth    +.........             (no amulet)
HPRegen  0.09/turn              (no ring)
MPRegen  0.09/turn              (no ring)

@: berserk cooldown, starving, slowed, very slow
A: negative energy resistance 1, electricity resistance, unbreathing,
petrification resistance, rot immunity, AC +3
a: Berserk, Trog's Hand, Renounce Religion


You were on level 3 of the Dungeon.
You worshipped Trog.
Trog was pleased with you.
You were starving.

You visited 1 branch of the dungeon, and saw 3 of its levels.

You collected 92 gold pieces.

Inventory:

Hand Weapons
 a - a +0 mace (weapon)
Armour
 b - a +0 animal skin (worn)
Wands
 q - a wand of polymorph (5)
Scrolls
 f - a scroll of amnesia {unknown}
 i - a scroll of teleportation {unknown}
 j - 3 scrolls of remove curse {unknown}
 l - a scroll of random uselessness {unknown}
 n - a scroll of identify {unknown}
 o - a scroll of fog {unknown}
 p - a scroll of blinking {unknown}
Potions
 d - a potion of resistance {unknown}
 e - a potion of brilliance {unknown}
 g - 3 potions of heal wounds {unknown}
 h - a potion of flight {unknown}
 k - a potion of curing {unknown}
 m - a potion of agility {unknown}
Comestibles
 c - 4 rations


   Skills:
 + Level 3.8 Fighting
 * Level 3.9 Maces & Flails
 + Level 2.9 Armour
 + Level 2.1 Dodging


You had 3 spell levels left.
You didn't know any spells.
Your spell library was empty.

Dungeon Overview and Level Annotations

Branches:
Dungeon (3/15)

Altars:
Ashenzari

Annotations:
D:2 1 runed translucent door, Crazy Yiuf


Innate Abilities, Weirdness & Mutations

You are resistant to torment.
Your stone body is resilient. (AC +3)
You are immune to poison.
You resist negative energy. (rN+)
You are resistant to electric shocks. (rElec)
You can survive without breathing.
You are immune to petrification.
You are immune to rotting.


Message History

You feel yourself slow down.
You closely miss the phantom.
The phantom is moderately damaged.
You feel the effects of Trog's Hand fading.
You are starving!
The phantom closely misses you.
The phantom blinks!
The phantom blinks!
The phantom hits you but does no damage.
You barely miss the phantom.
The phantom is moderately damaged.
Your skin stops crawling.
You feel less resistant to hostile enchantments.
The phantom hits you but does no damage.
The phantom hits you.
You hit the phantom but do no damage.
The phantom is moderately damaged.
The phantom hits you.
* * * LOW HITPOINT WARNING * * *
The phantom hits you.
You die...

#.###.# #.# #.#
#.###.#### #>##.....#
........#.# .
.#.##...#.# .. ##
#.>.#.# ##
#.####...#.#####.#
...#....@...........#
.....##W#..##.#####.#
..............#
...........##.#
.....##.##.##.# .....
#.#...... ....
#'##.##### ## .....#
.....#


You could see a phantom.

Vanquished Creatures
  4 adders (D:2)
  2 leopard geckos (D:1)
  A ball python (D:2)
  3 bats
  2 giant cockroaches
  6 goblins
  8 hobgoblins
  2 jackals (D:1)
  4 kobolds
  A quokka (D:2)
  4 frilled lizards
  4 rats
  A fungus (D:2)
42 creatures vanquished.

Notes
Turn   | Place    | Note
-------+----------+-------------------------------------------
     0 | D:1      | diana the Gargoyle Berserker began the quest for the Orb.
     0 | D:1      | Reached XP level 1. HP: 14/14 MP: 1/1
   140 | D:1      | Reached XP level 2. HP: 7/19 MP: 2/2
   318 | D:1      | Found a shattered altar of Ashenzari.
   714 | D:1      | Reached XP level 3. HP: 23/23 MP: 3/3
   949 | D:1      | Reached ** piety under Trog
  1622 | D:2      | Reached XP level 4. HP: 27/29 MP: 4/4
  2006 | D:2      | Found a runed translucent door.
  2007 | D:2      | Noticed Crazy Yiuf
  2070 | D:3      | Noticed a phantom
  2098 | D:3      | Slain by a phantom

Skill      XL: |  1  2  3 |
---------------+----------+-----
Dodging        | 2 |  2.1
Fighting       | |  3.8
Maces & Flails | |  3.9
Armour         | |  2.9

Action                   |  1- 3 |  4- 6 || total
-------------------------+-------+-------++-------
Melee: Mace              |   116 |    45 ||   161
Invok: Berserk           |       |     1 ||     1
       Trog's Hand       |       |     1 ||     1
 Stab: Sleeping          |     1 |       ||     1
  Eat: Chunk             |     2 |     1 ||     3
Armor: Animal skin       |    28 |    11 ||    39
Dodge: Dodged            |    82 |    22 ||   104
